 Dungeon Sprint DCSS version 0.31-a0-142-g31f6795574 (webtiles) character file.

Game seed: 13408366127591808695

2219 Conn the Arsonist (level 9, 0/55 HPs)
             Began as an Octopode Fire Elementalist on June 3, 2023.
             Was a Follower of Sif Muna.
             Slain by a hornet (5 damage)
             ... in the Dungeon (Sprint II: "The Violet Keep of Menkaure").
             The game lasted 00:12:18 (591 turns).

Conn the Arsonist (Octopode Fire Elementalist)       Turns: 591, Time: 00:12:19

Health: 0/55       AC:  1    Str:  7    XL:     9   Next: 35%
Magic:  21/21      EV: 15    Int: 22    God:    Sif Muna [*.....]
Gold:   302        SH:  0    Dex: 12    Spells: 13/25 levels left

rFire   . . .        (no weapon)
rCold   . . .        (no shield)
rNeg    . . .        (helmet restricted)
rPois   .            (no amulet)
rElec   .            (no ring)
rCorr   .            (no ring)
SInv    .            (no ring)
Will    .....        (no ring)
Stlth   +++++        (no ring)
HPRegen 0.29/turn    (no ring)
MPRegen 0.17/turn    (no ring)
                     (no ring)

%: no teleportation, random rage (3%)
@: slowed, very slow
A: almost no armour, amphibious, 8 rings, camouflage 1, gelatinous body 1,
(nimble swimmer 1), tentacles, berserk 1, subdued magic 1
a: Renounce Religion, Channel Magic


You were in the Dungeon.
You worshipped Sif Muna.
Sif Muna was aware of your devotion.
You visited 1 branch You collected 500 gold pieces.
You spent 198 gold pieces at shops.

Inventory:

Potions
 a - a potion of magic


   Skills:
 + Level 2.8 Fighting
 + Level 6.2 Dodging
 + Level 8.0 Stealth
 + Level 8.9 Spellcasting
 * Level 6.6 Conjurations
 + Level 2.0 Hexes
 * Level 6.5 Translocations
 + Level 13.4 Fire Magic
 * Level 3.8 Invocations


You had 13 spell levels left.
You knew the following spells:

 Your Spells              Type           Power      Damage    Failure   Level
a - Foxfire               Conj/Fire      100%       2x1d9     1%          1
b - Scorch                Fire           100%       2d9       1%          2
c - Inner Flame           Hex/Fire       33%        N/A       1%          3
d - Flame Wave            Conj/Fire      41%        2d11      1%          4
e - Blink                 Tloc           58%        N/A       1%          2

Your spell library contained the following spells:

 Spells                   Type           Power      Damage    Failure   Level
 Lesser Beckoning         Tloc           58%        N/A       1%          2
 Momentum Strike          Conj/Tloc      58%        3d9       1%          2
 Volatile Blastmotes      Fire/Tloc      82%        2d16      1%          3


Dungeon Overview and Level Annotations

Branches:
Dungeon (1/1)

Altars:
Cheibriados
Dithmenos
Elyvilon
Fedhas
Gozag
Hepliaklqana
Kikubaaqudgha
Makhleb
Nemelex Xobeh
Okawaru
Qazlal
Ru
Sif Muna
Trog
Uskayaw
Vehumet
Wu Jian
Xom
Yredelemnul
Zin
The Shining One
Jiyva
Lugonu

Shops:
D :[:!?[==:=[:!((

Annotations:
D exclusion: oklob plant


Innate Abilities, Weirdness & Mutations

You cannot wear most types of armour.
You are amphibious.
You can wear up to eight rings at the same time.
Your skin changes colour to match your surroundings (Stealth+).
Your rubbery body absorbs attacks. (AC +1, EV +1)
((You are camouflaged when in or above water. (Stealth+)))
You have tentacles for arms and can constrict up to eight enemies at once.
You sometimes lose your temper in combat.
Your spells are a little easier to cast, but a little less powerful.


Message History

You feel yourself slow down.
Unknown command.
Unknown command.
Unknown command.
Unknown command.
Press: ? - help, v - describe, . - travel, g - get item
Here: a hornet (heavily wounded, more vulnerable to fire, ally target) Item here: a polar bear corpse.
The floor, spattered with blood.
Unknown command.
Unknown command.
You feel better.
You feel yourself speed up.
The hornet is no longer more vulnerable to fire.
The foxfire hits the hornet.
The hornet is severely wounded.
The foxfire hits the hornet.
The hornet is severely wounded.
The hornet misses you. The hornet stings you.
You feel yourself slow down.
Unknown command.
Unknown command.
Okay, then.
You aren't carrying any scrolls.
Casting: Foxfire (safe; 1% risk of failure)
Confirm with . or Enter, or press ? or * to list all spells.
Okay, then.
Unknown command.
Okay, then.
Unknown command.
Unknown command.
Unknown command.
Magic courses through your body.
You feel yourself speed up.
The hornet is engulfed in a cloud of scalding steam.
The hornet stings you!
* * * LOW HITPOINT WARNING * * *
You feel yourself slow down.
The hornet is engulfed in a cloud of scalding steam.
The hornet stings you.
You die... .#. ###..## #..# $# #+###.##..# +..# .# ?=([

#.##...#..# #..# .#▓[?=$[($
.<.'##.'..####..##.#▓!!?($$!
#.##.###....###^^§##▓▓▓▓▓▓▓+
#+###.##......~§§)§~~~~~~~~
##.####~~.§...~#'########+##
##.#~~~~~~~..~#§y_._._.#§§§
.$.##~~§~§~~~§~#@_._._..#~§≈
#z##~~§≈≈≈~~~~§#_§_._._.#S§§
°z~~~~~§≈§≈≈§§~#._._._._#§~~
'#'''#~§≈§≈≈§§~#.._._._.#~§§
zz§z≈##≈≈≈###≈≈#..._._._#~~~
○§○°.°# #≈≈#...._._.#~~≈
§≈○○○≈§+ #≈≈#....._._#§≈§
○°○.°§## ≈≈≈≈##########~§≈
.○○○.## #####~~~~~~§§§§≈≈


You could see a hornet.

Vanquished Creatures
  A yaktaur (D)
  3 polar bears (D)
  3 flying skulls (D)
  4 neqoxecs (D)
  A water moccasin (D)
  4 necrophages (D)
  A scorpion (D)
  3 worms (D)
20 creatures vanquished.

Vanquished Creatures (others)
  Menkaure (D)
  A water moccasin (D)
  26 foxfires (D)
28 creatures vanquished.

Grand Total: 48 creatures vanquished

Notes
Turn   | Place    | Note
-------+----------+-------------------------------------------
     0 | D        | Conn the Octopode Fire Elementalist began the quest for the
                  | Orb.
     0 | D        | Reached XP level 1. HP: 11/11 MP: 3/3
     1 | D        | Noticed a necrophage
     1 | D        | Noticed a necrophage
     1 | D        | Noticed a necrophage
     1 | D        | Noticed a necrophage
     7 | D        | Killed a necrophage
     8 | D        | Reached skill level 6 in Fire Magic
     8 | D        | Reached XP level 2. HP: 16/17 MP: 3/6
     8 | D        | Reached XP level 3. HP: 20/21 MP: 4/8
     8 | D        | Reached XP level 4. HP: 26/27 MP: 4/9
    10 | D        | Killed a necrophage
    11 | D        | Reached skill level 7 in Fire Magic
    11 | D        | Reached XP level 5. HP: 27/32 MP: 4/11
    18 | D        | Reached skill level 5 in Stealth
    18 | D        | Reached skill level 8 in Fire Magic
    22 | D        | Reached skill level 1 in Fighting
    22 | D        | Reached skill level 5 in Spellcasting
    22 | D        | Reached skill level 9 in Fire Magic
    22 | D        | Reached XP level 6. HP: 6/38 MP: 5/13
    27 | D        | Found Leop's Antique Weapon Shoppe.
    27 | D        | Found Uruacod's Book Emporium.
    27 | D        | Found Veloac's Distillery.
    27 | D        | Found Hong's Jewellery Shoppe.
    27 | D        | Found Duixzoosewk's Armour Shoppe.
    28 | D        | Found Ifunus's Book Shoppe.
    28 | D        | Found Dorremah's Jewellery Emporium.
    29 | D        | Found Vellaint's Jewellery Shoppe.
    29 | D        | Found Taescha's Antique Armour Emporium.
    29 | D        | Noticed a slime creature
    30 | D        | Found Odoem's Antique Weapon Emporium.
    31 | D        | Found Fuhez's Magic Scroll Shoppe.
    31 | D        | Found Gionac's Distillery.
    31 | D        | Noticed a water moccasin
    31 | D        | Noticed a slime creature
    31 | D        | Noticed a slime creature
    31 | D        | Noticed an oklob plant
    34 | D        | Found Bihewn's Book Emporium.
    34 | D        | Found Metom's Antique Armour Shoppe.
    34 | D        | Found Hif Siageumn's Book Shoppe.
    41 | D        | Killed a water moccasin
    42 | D        | Reached skill level 5 in Dodging
    42 | D        | Reached skill level 10 in Fire Magic
    50 | D        | Bought a book of Spatial Translocations for 198 gold pieces
    50 | D        | Killed Menkaure
    53 | D        | Learned a level 2 spell: Scorch
    57 | D        | Learned a level 3 spell: Inner Flame
    62 | D        | Learned a level 4 spell: Flame Wave
    65 | D        | Learned a level 2 spell: Blink
    67 | D        | Noticed a yak
    68 | D        | Noticed a yak
    70 | D        | Noticed a yak
    71 | D        | Killed a water moccasin
    72 | D        | Noticed an iron elemental
    88 | D        | Noticed a flying skull
    91 | D        | Noticed a flying skull
    93 | D        | Noticed a flying skull
    95 | D        | Reached skill level 1 in Translocations
    99 | D        | Noticed a flying skull
   104 | D        | Noticed a flying skull
   104 | D        | Noticed a flying skull
   105 | D        | Noticed a flying skull
   107 | D        | Noticed a flying skull
   108 | D        | Noticed a flying skull
   108 | D        | Noticed a flying skull
   108 | D        | Noticed a flying skull
   109 | D        | Noticed a neqoxec
   109 | D        | Noticed a neqoxec
   109 | D        | Noticed a flying skull
   115 | D        | Killed a neqoxec
   116 | D        | Reached skill level 11 in Fire Magic
   116 | D        | Reached XP level 7. HP: 39/44 MP: 6/16
   116 | D        | Killed a neqoxec
   120 | D        | Noticed a neqoxec
   121 | D        | Noticed a neqoxec
   122 | D        | Gained mutation: You have hidden genetic defects. [a
                  | neqoxec]
   123 | D        | Killed a neqoxec
   129 | D        | Gained mutation: Your spells are a little easier to cast,
                  | but a little less powerful. [hidden defects]
   333 | D        | Noticed a wyvern
   333 | D        | Noticed a wyvern
   358 | D        | Killed a neqoxec
   359 | D        | Reached skill level 12 in Fire Magic
   359 | D        | Reached XP level 8. HP: 31/50 MP: 4/18
   365 | D        | Killed a flying skull
   366 | D        | Reached skill level 5 in Conjurations
   366 | D        | Gained mutation: You sometimes lose your temper in combat.
                  | [hidden defects]
   366 | D        | Lost mutation: You have hidden genetic defects. [hidden
                  | defects expressed]
   474 | D        | Killed a flying skull
   474 | D        | Killed a flying skull
   475 | D        | Reached skill level 1 in Hexes
   475 | D        | Reached skill level 5 in Translocations
   561 | D        | Found a hazy altar of Hepliaklqana.
   561 | D        | Found a snail-covered altar of Cheibriados.
   562 | D        | Found a stormy altar of Qazlal.
   562 | D        | Found a viscous altar of Jiyva.
   562 | D        | Found a shadowy altar of Dithmenos.
   563 | D        | Found a sacrificial altar of Ru.
   563 | D        | Found an ancient bone altar of Kikubaaqudgha.
   563 | D        | Found a white marble altar of Elyvilon.
   564 | D        | Found an ornate altar of the Wu Jian Council.
   564 | D        | Found a shimmering blue altar of Sif Muna.
   564 | D        | Found a corrupted altar of Lugonu.
   565 | D        | Found a shimmering altar of Xom.
   565 | D        | Found a bloodstained altar of Trog.
   565 | D        | Found a burning altar of Makhleb.
   566 | D        | Found a glowing golden altar of the Shining One.
   566 | D        | Found a basalt altar of Yredelemnul.
   566 | D        | Found a hide-covered altar of Uskayaw.
   568 | D        | Found a glowing silver altar of Zin.
   568 | D        | Found a radiant altar of Vehumet.
   568 | D        | Found a blossoming altar of Fedhas.
   568 | D        | Found a sparkling altar of Nemelex Xobeh.
   568 | D        | Noticed a hornet
   568 | D        | Noticed a polar bear
   569 | D        | Found an opulent altar of Gozag.
   569 | D        | Found an iron altar of Okawaru.
   569 | D        | Noticed a yaktaur
   575 | D        | Became a worshipper of Sif Muna the Loreminder
   578 | D        | Noticed a polar bear
   579 | D        | Noticed a polar bear
   587 | D        | Killed a polar bear
   587 | D        | Killed a polar bear
   587 | D        | Killed a polar bear
   587 | D        | Reached * piety under Sif Muna
   587 | D        | Killed a yaktaur
   588 | D        | Reached skill level 13 in Fire Magic
   588 | D        | Reached XP level 9. HP: 27/55 MP: 4/21
   591 | D        | Slain by a hornet

Illustrated notes

Levels and vault maps discovered:
D:        the_violet_keep_of_menkaure [sprint2_stairs_cluster_1,
          sprint2_shoproom, sprint2_temple, sprint2_basic_supplies,
          sprint2_obstacle_1, sprint2_obstacle_5, sprint2_obstacle_6,
          sprint2_obstacle_7, sprint2_obstacle_3, sprint2_timed_cluster_1,
          sprint2_smallroom_cluster_1, sprint2_smallroom_final_cluster_1,
          sprint2_transparent_cluster_1, sprint2_second_timed_cluster_1,
          sprint2_sniper_area_1, sprint2_heavy_combat_area_1,
          sprint2_mutation_trap_area_1, sprint2_forest_area_1,
          sprint2_light_combat_area_1, sprint2_behind_water_1,
          sprint2_near_end_vault_1]

Skill      XL: |  1  2  3  4  5  6  7  8 |
---------------+-------------------------+-----
Dodging        | 3 4 5 6 |  6.2
Stealth        | 4 5 6 7 8 |  8.0
Spellcasting   | 3 4 5 6 7 8 |  8.9
Fire Magic     | 6 7 9 11 12 13 | 13.4
Fighting       | 1 2 |  2.8
Conjurations   | 3 4 6 |  6.6
Translocations | 2 4 6 |  6.5
Hexes          | 2 |  2.0
Invocations    | 3 |  3.8

Action                     |  1- 3 |  4- 6 |  7- 9 || total
---------------------------+-------+-------+-------++-------
  Melee: Unarmed           |     4 |    17 |     1 ||    22
         Tentacles         |     2 |     4 |       ||     6
         Constrict         |     1 |     3 |       ||     4
   Cast: Foxfire           |       |     6 |     9 ||    15
         Scorch            |       |     2 |    13 ||    15
         Inner Flame       |       |     1 |     5 ||     6
         Flame Wave        |       |       |     4 ||     4
    Use: Potion            |     2 |     1 |     3 ||     6
         Scroll            |       |       |     1 ||     1
 Armour: Skin              |       |       |     1 ||     1
  Dodge: Dodged            |     1 |     6 |    29 ||    36

Table legend: (Time is in decaauts)
 A = Elapsed time spent in this place.
 B = Non-inter-level travel time spent in this place.
 C = Inter-level travel time spent in this place.
 D = Time resting spent in this place.
 E = Time spent auto-exploring this place.
 F = Levels seen in this place.
 G = Mean time per level.
                   A        B        C        D        E       F      G
               +--------+--------+--------+--------+--------+-----+--------+
         Total |    592 |    592 |      0 |    332 |      0 |   1 |  592.0 |
       Dungeon |    592 |    592 |      0 |    332 |      0 |   1 |  592.0 |
               +--------+--------+--------+--------+--------+-----+--------+

Top non-repeatable levels by time:
       D: 592 daAuts
